| TOP OF THE 1ST |
|
Binghamton Mets batting - Pitching for Hartford Yard Goats : LHP Steve Lima
|
|
Pitching: LHP Steve Lima
|
|
|
Batting: RHB Jake Hansford
|
0-0: Ball 1-0: Foul Ball, location: 2F 1-1: Ball 2-1: Ball 3-1: Fly out, F9 (Flyball, 9LS, EV 70.6 MPH)
|
|
Batting: RHB Steve Dunaway
|
0-0: Foul Ball, location: 2F 0-1: Foul Ball, location: 2F 0-2: Strikes out swinging
|
|
Batting: RHB Andy Solorzano
|
0-0: Ball 1-0: Foul Ball, location: 2F 1-1: Ground out 5-3 (Groundball, 56, EV 84.4 MPH)
|
| Top of the 1st over - 0 runs, 0 hits, 0 errors, 0 left on base; Binghamton 0 - Hartford 0 |
| BOTTOM OF THE 1ST |
|
Hartford Yard Goats batting - Pitching for Binghamton Mets : RHP Morty Rupert
|
|
Pitching: RHP Morty Rupert
|
|
|
Batting: SHB Eddie Quinones
|
0-0: Ball 1-0: Ball 2-0: Ground out 4-3 (Groundball, 34, EV 85.0 MPH)
|
|
Batting: RHB Justin Williams
|
0-0: Called Strike 0-1: Swinging Strike 0-2: Foul Ball, location: 2F 0-2: Strikes out looking
|
|
Batting: SHB Pete Perla
|
0-0: Foul Ball, location: 2F 0-1: Foul Ball, location: 2F 0-2: Fly out, F8 (Line Drive, 8RD, EV 93.8 MPH)
|
| Bottom of the 1st over - 0 runs, 0 hits, 0 errors, 0 left on base; Binghamton 0 - Hartford 0 |
| TOP OF THE 2ND |
|
Binghamton Mets batting - Pitching for Hartford Yard Goats : LHP Steve Lima
|
|
Batting: RHB Chris Nelson
|
0-0: Ball 1-0: SINGLE (Line Drive, 7LS, EV 104.4 MPH)
|
|
Batting: RHB Shawn Mathews
|
0-0: Ball 1-0: Ball 2-0: Swinging Strike 2-1: 2-RUN HOME RUN (Flyball, 9D, EV 104.4 MPH), Distance : 387 ft
|
|
Batting: RHB Matt Skipper
|
0-0: Called Strike 0-1: Fly out, F8 (Flyball, 89D, EV 110.0 MPH)
|
|
Batting: LHB Willie Cintron
|
0-0: Ball 1-0: Foul Ball, location: 2F 1-1: Ball 2-1: Foul Ball, location: 2F 2-2: Ground out 2-3 (Groundball, 2L, EV 69.4 MPH)
|
|
Batting: LHB Jose Chavez
|
0-0: Ball 1-0: Foul Ball, location: 2F 1-1: Foul Ball, location: 2F 1-2: Ground out 5-3 (Groundball, 25, EV 85.0 MPH)
|
| Top of the 2nd over - 2 runs, 2 hits, 0 errors, 0 left on base; Binghamton 2 - Hartford 0 |
| BOTTOM OF THE 2ND |
|
Hartford Yard Goats batting - Pitching for Binghamton Mets : RHP Morty Rupert
|
|
Batting: LHB Jeremy Brammer
|
0-0: Called Strike 0-1: Fly out, F8 (Line Drive, 8RD, EV 91.9 MPH)
|
|
Batting: SHB Chris Besselman
|
0-0: Ball 1-0: Ball 2-0: Ball 3-0: Base on Balls
|
|
Batting: LHB Eddie Gonzalez
|
0-0: Swinging Strike 0-1: Ground out 4-3 (Groundball, 34, EV 105.6 MPH) Chris Besselman to second
|
|
Batting: RHB Eric Garrett
|
0-0: Called Strike 0-1: Called Strike 0-2: Ball 1-2: Foul Ball, location: 2F 1-2: Foul Ball, location: 2F 1-2: Ball 2-2: 2-RUN HOME RUN (Flyball, 7D, EV 95.6 MPH), Distance : 369 ft
|
|
Batting: LHB Mick Knopp
|
0-0: SINGLE (Groundball, 56S, EV 72.5 MPH) (infield hit)
|
|
Batting: RHB Max Schellekens
|
0-0: Called Strike 0-1: Called Strike 0-2: Ball 1-2: Ball 2-2: Foul Ball, location: 2F 2-2: Fly out, F8 (Flyball, 8RM, EV 84.4 MPH)
|
| Bottom of the 2nd over - 2 runs, 2 hits, 0 errors, 1 left on base; Binghamton 2 - Hartford 2 |
| TOP OF THE 3RD |
|
Binghamton Mets batting - Pitching for Hartford Yard Goats : LHP Steve Lima
|
|
Batting: LHB Elmo Dreier
|
0-0: Ball 1-0: Ball 2-0: Foul Ball, location: 2F 2-1: SINGLE (Groundball, 6S, EV 66.9 MPH) (infield hit)
|
|
Batting: RHB Jake Hansford
|
0-0: Ball 1-0: Ball Elmo Dreier steals 2nd base 2-0: Called Strike 2-1: Swinging Strike 2-2: Ball 3-2: Strikes out swinging
|
|
Batting: RHB Steve Dunaway
|
0-0: SINGLE (Groundball, 56D, EV 104.4 MPH) Elmo Dreier to third Runner from 3rd tries for Home, SAFE, throw by LF to home Steve Dunaway to second
|
|
Batting: RHB Andy Solorzano
|
0-0: Called Strike 0-1: Foul Ball, location: 2F 0-2: Strikes out swinging
|
|
Batting: RHB Chris Nelson
|
0-0: Ball 1-0: Ball Wild Pitch! Steve Dunaway to third 2-0: Foul Ball, location: 2F 2-1: Foul Ball, location: 2F 2-2: Ground out 4-3 (Groundball, 4M, EV 81.2 MPH)
|
| Top of the 3rd over - 1 run, 2 hits, 0 errors, 1 left on base; Binghamton 3 - Hartford 2 |
| BOTTOM OF THE 3RD |
|
Hartford Yard Goats batting - Pitching for Binghamton Mets : RHP Morty Rupert
|
|
Batting: SHB Eddie Quinones
|
0-0: Fly out, F9 (Flyball, 9LM, EV 98.8 MPH)
|
|
Batting: RHB Justin Williams
|
0-0: Ball 1-0: Ball 2-0: Ball 3-0: Base on Balls
|
|
Pitching: RHP Francis Cornick
|
|
|
Batting: SHB Pete Perla
|
0-0: Ball 1-0: Foul Ball, location: 2F 1-1: SINGLE (Groundball, 3, EV 100.6 MPH) (infield hit) Justin Williams to second
|
|
Batting: LHB Jeremy Brammer
|
0-0: Called Strike 0-1: Swinging Strike 0-2: Ball 1-2: Foul Ball, location: 2F 1-2: Foul Ball, location: 2F 1-2: Ball 2-2: Fielders Choice at 2nd, 4-6 (Groundball, 4, EV 81.9 MPH) Justin Williams to third
|
|
Batting: SHB Chris Besselman
|
0-0: Ball 1-0: Ball 2-0: Foul Ball, location: 2F 2-1: Ball 3-1: Base on Balls Jeremy Brammer to second
|
|
Batting: LHB Eddie Gonzalez
|
0-0: Called Strike 0-1: SINGLE (Groundball, 34D, EV 96.9 MPH) Justin Williams scores Jeremy Brammer to third Chris Besselman to second Runner from 3rd tries for Home, SAFE, throw by RF to home
|
|
Batting: RHB Eric Garrett
|
0-0: Ball 1-0: Swinging Strike 1-1: Foul Ball, location: 2F 1-2: Ball 2-2: Ground out 6-3 (Groundball, 56, EV 105.6 MPH)
|
| Bottom of the 3rd over - 2 runs, 2 hits, 0 errors, 2 left on base; Binghamton 3 - Hartford 4 |
| TOP OF THE 4TH |
|
Binghamton Mets batting - Pitching for Hartford Yard Goats : LHP Steve Lima
|
|
Batting: RHB Shawn Mathews
|
0-0: Foul Ball, location: 2F 0-1: Swinging Strike 0-2: Strikes out swinging
|
|
Batting: RHB Matt Skipper
|
0-0: Ball 1-0: Ball 2-0: Fly out, F8 (Flyball, 89M, EV 80.6 MPH)
|
|
Batting: LHB Willie Cintron
|
0-0: Ball 1-0: Ball 2-0: Foul Ball, location: 2F 2-1: Ball 3-1: Base on Balls
|
|
Batting: LHB Jose Chavez
|
0-0: Ball 1-0: Ball 2-0: Called Strike 2-1: Ball Wild Pitch! Willie Cintron to second 3-1: Ground out 2-3 (Groundball, 13S, EV 65.0 MPH)
|
| Top of the 4th over - 0 runs, 0 hits, 0 errors, 1 left on base; Binghamton 3 - Hartford 4 |
| BOTTOM OF THE 4TH |
|
Hartford Yard Goats batting - Pitching for Binghamton Mets : RHP Francis Cornick
|
|
Batting: LHB Mick Knopp
|
0-0: Fly out, F9 (Flyball, 9S, EV 80.6 MPH)
|
|
Batting: RHB Max Schellekens
|
0-0: Called Strike 0-1: Foul Ball, location: 2F 0-2: Foul Ball, location: 2F 0-2: Foul Ball, location: 2F 0-2: Foul Ball, location: 2F 0-2: Foul Ball, location: 2F 0-2: Fly out, F7 (Flyball, 8LS, EV 89.4 MPH)
|
|
Batting: SHB Eddie Quinones
|
0-0: Ball 1-0: Ball 2-0: Ball 3-0: Base on Balls
|
|
Batting: RHB Justin Williams
|
0-0: Called Strike Eddie Quinones steals 2nd base (no throw) 0-1: Ball 1-1: Ball 2-1: Foul Ball, location: 2F 2-2: Foul Ball, location: 2F 2-2: Ball 3-2: Base on Balls
|
|
Batting: SHB Pete Perla
|
0-0: Ball 1-0: Foul Ball, location: 2F 1-1: Ball 2-1: Ball 3-1: Base on Balls Eddie Quinones to third Justin Williams to second
|
|
Pitching: LHP Jonathan Gendron
|
|
|
Batting: LHB Jeremy Brammer
|
0-0: Ball Wild Pitch! Eddie Quinones scores Justin Williams to third Pete Perla to second 1-0: Ball 2-0: 3-RUN HOME RUN (Flyball, 89XD, EV 100.6 MPH), Distance : 415 ft
|
|
Batting: SHB Chris Besselman
|
0-0: Called Strike 0-1: Called Strike 0-2: Ground out 6-3 (Groundball, 6, EV 79.4 MPH)
|
| Bottom of the 4th over - 4 runs, 1 hit, 0 errors, 0 left on base; Binghamton 3 - Hartford 8 |
| TOP OF THE 5TH |
|
Binghamton Mets batting - Pitching for Hartford Yard Goats : LHP Steve Lima
|
|
Batting: LHB Elmo Dreier
|
0-0: Ground out 6-3 (Groundball, 6, EV 76.9 MPH)
|
|
Batting: RHB Jake Hansford
|
0-0: Ball 1-0: Called Strike 1-1: Foul Ball, location: 2F 1-2: SINGLE (Groundball, 6D, EV 110.0 MPH)
|
|
Batting: RHB Steve Dunaway
|
0-0: Called Strike 0-1: Called Strike 0-2: Ball 1-2: Fly out, F8 (Flyball, 8RS, EV 87.5 MPH)
|
|
Batting: RHB Andy Solorzano
|
0-0: Ball 1-0: Swinging Strike 1-1: Ball 2-1: Ball 3-1: Base on Balls Jake Hansford to second
|
|
Batting: RHB Chris Nelson
|
0-0: Called Strike 0-1: Foul Ball, location: 2F 0-2: Foul Ball, location: 2F 0-2: Ball 1-2: SINGLE (Groundball, 6MD, EV 98.8 MPH) Jake Hansford to third Andy Solorzano to second Runner from 3rd tries for Home, throw by CF and OUT! 8-2
|
| Top of the 5th over - 0 runs, 2 hits, 0 errors, 2 left on base; Binghamton 3 - Hartford 8 |
| BOTTOM OF THE 5TH |
|
Hartford Yard Goats batting - Pitching for Binghamton Mets : LHP Jonathan Gendron
|
|
Batting: LHB Eddie Gonzalez
|
0-0: Ball 1-0: Fly out, F7 (Flyball, 78M, EV 85.6 MPH)
|
|
Batting: RHB Eric Garrett
|
0-0: Ground out 6-3 (Groundball, 6, EV 81.2 MPH)
|
|
Batting: LHB Mick Knopp
|
0-0: Ball 1-0: Ground out 6-3 (Groundball, 56D, EV 96.2 MPH)
|
| Bottom of the 5th over - 0 runs, 0 hits, 0 errors, 0 left on base; Binghamton 3 - Hartford 8 |
| TOP OF THE 6TH |
|
Binghamton Mets batting - Pitching for Hartford Yard Goats : LHP Steve Lima
|
|
Pitching: LHP Ryouhei Hosaka
|
|
|
Batting: RHB Shawn Mathews
|
0-0: DOUBLE (Groundball, 5L, EV 100.6 MPH)
|
|
Batting: RHB Matt Skipper
|
0-0: Called Strike 0-1: Swinging Strike 0-2: Strikes out swinging
|
|
Batting: LHB Willie Cintron
|
0-0: Ball 1-0: Swinging Strike 1-1: Foul Ball, location: 2F 1-2: Strikes out swinging
|
|
Pinch Hitting: RHB Ivan Gonzales
|
0-0: Ground out 6-3 (Groundball, 56, EV 88.1 MPH)
|
| Top of the 6th over - 0 runs, 1 hit, 0 errors, 1 left on base; Binghamton 3 - Hartford 8 |
| BOTTOM OF THE 6TH |
|
Hartford Yard Goats batting - Pitching for Binghamton Mets : LHP Jonathan Gendron
|
|
Now in CF: Ivan Gonzales
|
|
|
Batting: RHB Max Schellekens
|
0-0: Called Strike 0-1: Called Strike 0-2: Strikes out swinging
|
|
Batting: SHB Eddie Quinones
|
0-0: Ball 1-0: Ball 2-0: Ball 3-0: Base on Balls
|
|
Batting: RHB Justin Williams
|
0-0: Called Strike 0-1: Ball 1-1: Ball Eddie Quinones steals 2nd base 2-1: Ball 3-1: Called Strike 3-2: Foul Ball, location: 2F 3-2: Strikes out swinging
|
|
Batting: SHB Pete Perla
|
0-0: Called Strike 0-1: Swinging Strike 0-2: Ball 1-2: Ground out 2-3 (Groundball, 15S, EV 63.8 MPH)
|
| Bottom of the 6th over - 0 runs, 0 hits, 0 errors, 1 left on base; Binghamton 3 - Hartford 8 |
| TOP OF THE 7TH |
|
Binghamton Mets batting - Pitching for Hartford Yard Goats : LHP Ryouhei Hosaka
|
|
Batting: LHB Elmo Dreier
|
0-0: Ball 1-0: Foul Ball, location: 2F 1-1: Called Strike 1-2: Ball 2-2: Ball 3-2: Strikes out swinging
|
|
Batting: RHB Jake Hansford
|
0-0: Called Strike 0-1: Swinging Strike 0-2: Ball 1-2: Ball 2-2: Ball 3-2: Foul Ball, location: 2F 3-2: Strikes out swinging
|
|
Batting: RHB Steve Dunaway
|
0-0: Called Strike 0-1: Foul Ball, location: 2F 0-2: Ball 1-2: Ground out 6-3 (Groundball, 6, EV 91.2 MPH)
|
| Top of the 7th over - 0 runs, 0 hits, 0 errors, 0 left on base; Binghamton 3 - Hartford 8 |
| BOTTOM OF THE 7TH |
|
Hartford Yard Goats batting - Pitching for Binghamton Mets : LHP Jonathan Gendron
|
|
Batting: LHB Jeremy Brammer
|
0-0: Foul Ball, location: 2F 0-1: Foul Ball, location: 2F 0-2: Ball 1-2: Foul Ball, location: 2F 1-2: Strikes out swinging, 2-3 out at first.
|
|
Batting: SHB Chris Besselman
|
0-0: Ball 1-0: Called Strike 1-1: Fly out, F9 (Flyball, BS7, EV 105.6 MPH)
|
|
Batting: LHB Eddie Gonzalez
|
0-0: Ball 1-0: Ball 2-0: Fly out, F9 (Line Drive, 9, EV 84.4 MPH)
|
| Bottom of the 7th over - 0 runs, 0 hits, 0 errors, 0 left on base; Binghamton 3 - Hartford 8 |
| TOP OF THE 8TH |
|
Binghamton Mets batting - Pitching for Hartford Yard Goats : LHP Ryouhei Hosaka
|
|
Pitching: LHP Ryan Morlan
|
|
|
Batting: RHB Andy Solorzano
|
0-0: Ball 1-0: SINGLE (Flyball, 3D, EV 87.5 MPH)
|
|
Batting: RHB Chris Nelson
|
0-0: Ball 1-0: Swinging Strike 1-1: Ball 2-1: 2-RUN HOME RUN (Flyball, 78XD, EV 98.8 MPH), Distance : 409 ft
|
|
Batting: RHB Shawn Mathews
|
0-0: Ball 1-0: Called Strike 1-1: Foul Ball, location: 2F 1-2: Ball 2-2: Foul Ball, location: 2F 2-2: Ball 3-2: Base on Balls
|
|
Batting: RHB Matt Skipper
|
0-0: Ball 1-0: SINGLE (Groundball, 13S, EV 68.1 MPH) (infield hit) Shawn Mathews to second
|
|
Pitching: LHP Greg Burngooch
|
|
|
Pinch Hitting: RHB Joe Kooyers
|
0-0: Called Strike 0-1: Foul Ball, location: 2F 0-2: Fly out, F3 (Line Drive, 3, EV 71.9 MPH)
|
|
Batting: RHB Ivan Gonzales
|
0-0: Called Strike 0-1: Swinging Strike 0-2: Strikes out swinging
|
|
Pinch Hitting: RHB Bill Larsen
|
0-0: Called Strike 0-1: Called Strike 0-2: Ball 1-2: Ball 2-2: Strikes out looking
|
| Top of the 8th over - 2 runs, 3 hits, 0 errors, 2 left on base; Binghamton 5 - Hartford 8 |
| BOTTOM OF THE 8TH |
|
Hartford Yard Goats batting - Pitching for Binghamton Mets : LHP Jonathan Gendron
|
|
Pitching: RHP Salvatore Garcia
|
|
|
Now at 1B: Joe Kooyers
|
|
|
Now at SS: Bill Larsen
|
|
|
Batting: RHB Eric Garrett
|
0-0: SINGLE (Line Drive, 7S, EV 93.1 MPH)
|
|
Batting: LHB Mick Knopp
|
0-0: Ball 1-0: Bunt missed! 1-1: Bunt missed! 1-2: Fly out, F8 (Flyball, 89D, EV 101.9 MPH) Runner from 1st tags up, SAFE at 2nd
|
|
Batting: RHB Max Schellekens
|
0-0: Ball 1-0: Called Strike 1-1: SINGLE (Groundball, 6S, EV 69.4 MPH) (infield hit) Eric Garrett to third
|
|
Batting: SHB Eddie Quinones
|
0-0: Called Strike 0-1: Foul Ball, location: 2F 0-2: Strikes out swinging
|
|
Batting: RHB Justin Williams
|
0-0: Ball 1-0: Called Strike 1-1: Fielders Choice at 2nd, 6-4 (Groundball, 6, EV 81.9 MPH)
|
| Bottom of the 8th over - 0 runs, 2 hits, 0 errors, 2 left on base; Binghamton 5 - Hartford 8 |
| TOP OF THE 9TH |
|
Binghamton Mets batting - Pitching for Hartford Yard Goats : LHP Greg Burngooch
|
|
Pitching: LHP Bill Ogren
|
|
|
Now at 1B: Brian Levensailor
|
|
|
Batting: RHB Jake Hansford
|
0-0: Called Strike 0-1: Foul Ball, location: 2F 0-2: Foul Ball, location: 2F 0-2: Foul Ball, location: 2F 0-2: Ball 1-2: Strikes out looking
|
|
Batting: RHB Steve Dunaway
|
0-0: Called Strike 0-1: Swinging Strike 0-2: Ball 1-2: Ball 2-2: Strikes out swinging
|
|
Batting: RHB Andy Solorzano
|
0-0: Ball 1-0: Ball 2-0: Fly out, F9 (Line Drive, 9D, EV 106.2 MPH)
|
| Top of the 9th over - 0 runs, 0 hits, 0 errors, 0 left on base; Binghamton 5 - Hartford 8 |
|